 Dungeon Crawl Stone Soup version 0.28.0-47-ge53b351184 (webtiles) character file.

Game seed: 11198551151002445253

365 Woods the Cudgeller (level 6, -2/37 HPs)
             Began as a Gargoyle Fighter on May 9, 2022.
             Killed by divine providence
             ... invoked by an orc priest
              (14 damage)
             ... on level 3 of the Dungeon.
             The game lasted 00:04:31 (4028 turns).

Woods the Cudgeller (Gargoyle Fighter)              Turns: 4028, Time: 00:04:32

Health: -2/37      AC: 13    Str: 20    XL:     6   Next: 68%
Magic:  6/6        EV:  9    Int:  8    God:
Gold:   115        SH:  4    Dex: 11    Spells: 5/5 levels left

rFire   . . .      SeeInvis .   a - +0 flail
rCold   . . .      Faith    .   c - +0 buckler
rNeg    + . .      Spirit   .   b - +0 scale mail
rPois   ∞          Reflect  .   (no helmet)
rElec   +          Harm     .   m - +1 cloak
rCorr   .          Rampage  .   (no gloves)
Will    .....                   (no boots)
Stlth   ..........              (no amulet)
HPRegen 0.12/turn               (no ring)
MPRegen 0.10/turn               (no ring)

@: no status effects
A: sickness immunity, AC +4, negative energy resistance 1, electricity
resistance, torment resistance 1, petrification resistance
a: no special abilities


You were on level 3 of the Dungeon.
You visited 1 branch of the dungeon, and saw 3 of its levels.

You collected 115 gold pieces.

Inventory:

Hand Weapons
 a - a +0 flail (weapon)
Armour
 b - a +0 scale mail (worn)
 c - a +0 buckler (worn)
 m - a +1 cloak (worn)
Jewellery
 i - a ring of magical power
 n - a ring of protection from fire
Wands
 d - a wand of polymorph (4)
Scrolls
 f - 2 scrolls of identify {unknown}
 h - a scroll of amnesia {unknown}
 k - 2 scrolls of teleportation {unknown}
Potions
 e - a potion of magic {unknown}
 g - a potion of ambrosia {unknown}
 j - 2 potions of heal wounds
 l - a potion of cancellation {unknown}


   Skills:
 - Level 3.2 Fighting
 + Level 6.9 Maces & Flails
 - Level 3.2 Armour
 - Level 3.2 Shields


You had 5 spell levels left.
You didn't know any spells.
Your spell library was empty.

Dungeon Overview and Level Annotations

Branches:
Dungeon (3/15)

Altars:
Kikubaaqudgha
Nemelex Xobeh


Innate Abilities, Weirdness & Mutations

You are immune to sickness and miasma.
Your stone body is resilient. (AC +4)
You are immune to poison.
You resist negative energy. (rN+)
You are resistant to electric shocks. (rElec)
You are resistant to unholy torment.
You are immune to petrification.


Message History

Found a dagger.
The orc shouts!
The orc priest shouts!
The orc priest moves out of view.
An orc comes into view. It is wielding a +0 club.
There are monsters nearby!
There are monsters nearby!
There are monsters nearby!
The orc moves out of view.
The orc shouts!
You hear a shout!
An orc priest comes into view.
It is wielding a +1 falchion of holy wrath.
You hit the orc.
The orc is heavily wounded.
The orc barely misses you.
You hit the orc but do no damage.
The orc is heavily wounded.
The orc hits you with a +0 club.
The orc priest invokes the aid of Beogh against you.
Beogh smites you!
The orc priest begins to cast a cantrip, but forgets the words!
You hit the orc.
You kill the orc!
Things that are here:
a +0 club; an orc corpse You sock the orc!
You kill the orc!
Things that are here:
a +0 club; a +0 club; an orc corpse You sock the orc priest!
The orc priest is severely wounded.
The orc priest calls down the wrath of Beogh upon you.
Beogh smites you!
* * * LOW HITPOINT WARNING * * *
The orc priest misses you.
The orc priest invokes the aid of Beogh against you.
You are unaffected.
The orc priest mumbles some strange prayers to Beogh against you.
You barely resist.
The orc priest mumbles some strange prayers to Beogh against you.
Beogh smites you!
You die...

#.oo.#####)#
#.#......# #)..##
#...# #†#.....## ....
####)######.#......#
...
#...o.o............#
..
##.##.####o..#)(.##.#
.
#.....###o.).#)÷.##.#
#######.....##...##..
###...#.###...##..
#@....#.##..##...#
#....##.##.###.#..
#######....))..##.
#..#########. #... #.
#### #≈≈≈≈ ####. ##


You could see 2 orc priests.

Vanquished Creatures
  A water moccasin (D:3)
  2 orc priests (D:3)
  Ijyb (D:3)
  An orc wizard (D:3)
  Robin (D:2)
  2 adders (D:2)
  A gnoll (D:2)
  A worm (D:2)
  3 dart slugs
  18 orcs (D:3)
  6 ball pythons
  4 bats
  3 endoplasms
  2 giant cockroaches
  13 goblins
  11 hobgoblins
  3 quokkas
  7 frilled lizards
  6 kobolds
  6 rats
92 creatures vanquished.

Notes
Turn   | Place    | Note
-------+----------+-------------------------------------------
     0 | D:1      | Woods the Gargoyle Fighter began the quest for the Orb.
     0 | D:1      | Reached XP level 1. HP: 14/14 MP: 1/1
   281 | D:1      | Reached XP level 2. HP: 19/19 MP: 2/2
   409 | D:1      | Reached skill level 3 in Maces & Flails
   546 | D:1      | Reached XP level 3. HP: 14/23 MP: 3/3
  1462 | D:2      | Reached skill level 4 in Maces & Flails
  1627 | D:2      | Reached XP level 4. HP: 25/28 MP: 4/4
  2433 | D:3      | Found a sparkling altar of Nemelex Xobeh.
  2453 | D:3      | Noticed Ijyb
  2949 | D:3      | Found an ancient bone altar of Kikubaaqudgha.
  3006 | D:3      | Killed Ijyb
  3007 | D:3      | Reached skill level 5 in Maces & Flails
  3007 | D:3      | Reached XP level 5. HP: 32/32 MP: 5/5
  3151 | D:3      | Noticed a water moccasin
  3172 | D:3      | Killed a water moccasin
  3173 | D:3      | Reached skill level 6 in Maces & Flails
  3173 | D:3      | Reached XP level 6. HP: 31/37 MP: 6/6
  3252 | D:3      | Noticed Robin
  3305 | D:2      | Killed Robin
  4028 | D:3      | Killed from afar by an orc priest

Illustrated notes

Levels and vault maps discovered:
D:1:      nicolae_arrival_somewhat_less_tricky_arrival, layout_basic,
          minmay_misc_feat_five, glass_columns_a
D:2:      layout_basic, minmay_tree_intersection, grunt_ministairs_1,
          chequers_serial_rivers_large_a
D:3:      layout_rooms, nemelex_xobeh_ov_fountains_minmay,
          overflow_temple_1_default, serial_rivers,
          chequers_serial_rivers_micro_d, chequers_serial_rivers_small_b,
          chequers_serial_rivers_large_b, chequers_serial_rivers_micro_a,
          chequers_serial_rivers_micro_a, uniq_ijyb, uniq_robin,
          uniq_crazy_yiuf_cottage

Skill      XL: |  1  2  3  4  5 |
---------------+----------------+-----
Maces & Flails | 3 4 5 6 |  6.9
Fighting       | |  3.2
Armour         | |  3.2
Shields        | |  3.2

Action                   |  1- 3 |  4- 6 || total
-------------------------+-------+-------++-------
Melee: Flail             |   140 |   176 ||   316
       Unarmed           |       |     8 ||     8
  Use: Potion            |       |     2 ||     2
Armor: Scale mail        |    69 |    74 ||   143
       Skin              |       |     4 ||     4
Dodge: Dodged            |    70 |    79 ||   149
Block: Buckler           |    37 |    27 ||    64
